 Dungeon Crawl Stone Soup version 0.29.1-15-g9cfb28693d (webtiles) character file.

Game seed: 1539164212358313350

31 GigaChad the Trooper (level 3, -5/33 HPs)
             Began as a Minotaur Fighter on Mar 13, 2023.
             Killed by nerve-wracking pain
             ... invoked by an orc priest
              (11 damage)
             ... on level 2 of the Dungeon.
             The game lasted 00:01:04 (741 turns).

GigaChad the Trooper (Minotaur Fighter)              Turns: 741, Time: 00:01:04

Health: -5/33      AC:  7    Str: 22    XL:     3   Next: 7%
Magic:  2/2        EV:  9    Int:  5    God:
Gold:   71         SH:  9    Dex:  9    Spells: 2/2 levels left

rFire   . . .      SeeInvis .   a - +0 war axe
rCold   . . .      Faith    .   c - +0 buckler
rNeg    . . .      Spirit   .   b - +0 scale mail
rPois   .          Reflect  +   (helmet restricted)
rElec   .          Harm     .   (no cloak)
rCorr   .          Rampage  .   (no gloves)
Will    .....                   (no boots)
Stlth   ..........              j - amulet of reflection
HPRegen 0.11/turn               (no ring)
MPRegen 0.08/turn               (no ring)

@: no status effects
A: horns 2, retaliatory headbutt
a: no special abilities


You were on level 2 of the Dungeon.
You visited 1 branch of the dungeon, and saw 2 of its levels.

You collected 71 gold pieces.

Inventory:

Hand Weapons
 a - a +0 war axe (weapon)
Armour
 b - a +0 scale mail (worn)
 c - a +0 buckler (worn)
Jewellery
 j - an amulet of reflection (around neck)
Scrolls
 e - a scroll of identify
 g - 2 scrolls of amnesia
 i - a scroll of magic mapping
Potions
 d - 2 potions of might
 f - a potion of heal wounds
 h - a potion of brilliance {unknown}


   Skills:
 + Level 4.1 Fighting
 + Level 3.1 Axes
 + Level 4.0 Armour
 + Level 3.9 Shields


You had 2 spell levels left.
You didn't know any spells.
Your spell library contained the following spells:

 Spells                   Type           Power      Damage    Failure   Level
 Sandblast                Erth           0%         2d4       87%         1
 Passwall                 Tmut/Erth      0%         N/A       95%         2
 Stone Arrow              Conj/Erth      0%         3d7       99%         3


Dungeon Overview and Level Annotations

Branches:
Dungeon (2/15)

Altars:


Innate Abilities, Weirdness & Mutations

You have a pair of horns on your head.
You reflexively headbutt those who attack you in melee.


Message History

You block the orc's attack.
You closely miss the orc. You headbutt the orc.
The orc is heavily wounded.
The orc hits you with a +0 club.
You barely miss the orc.
The orc is heavily wounded.
The orc hits you but does no damage.
An orc priest comes into view. It is wielding a +0 war axe.
You closely miss the orc.
The orc priest shouts!
Your headbutt misses the orc.
The orc is moderately wounded.
You block the orc's attack. The orc hits you but does no damage.
You hit the orc.
The orc is moderately wounded.
You barely miss the orc. You block the orc's attack. x2
You hit the orc but do no damage. You headbutt the orc.
You kill the orc!
You slash the orc!
You kill the orc!
You block the orc's attack. x2; The orc barely misses you.
You have reached level 3!
Your experience leads to an increase in your attributes!
Increase (S)trength, (I)ntelligence, or (D)exterity?
You feel stronger. x2
You slash the orc!
You kill the orc!
You hit the worm. The orc barely misses you. The worm bites you.
The orc priest mumbles some strange prayers to Beogh against you.
Beogh smites you! The orc hits you with a +0 trident.
* * * LOW HITPOINT WARNING * * *
Things that are here:
a +0 hand axe; a +0 club; an orc corpse You hit the orc.
You kill the orc!
You barely miss the orc priest. You slash the worm!
The orc priest calls down the wrath of Beogh upon you.
Pain shoots through your body!
You die...

#.######
.#.####### #.#
.......... #.#
###.........
#.# ..)........
#.# #..........
#.# #.........[
#.# #..)o......
#.# #..@w......
#.#
#.#.#########.#
# #...........#
#........######
#........#
...........#
##.........#
##>.......#
#.###.####


You could see a worm and an orc priest.

Vanquished Creatures
  4 orcs (D:2)
  5 bats (D:1)
  2 endoplasms (D:1)
  A goblin (D:1)
  3 hobgoblins (D:1)
  2 jackals (D:1)
  A frilled lizard (D:1)
  8 kobolds (D:1)
  A rat (D:1)
27 creatures vanquished.

Vanquished Creatures (others)
  2 plants (D:1)
2 creatures vanquished.

Grand Total: 29 creatures vanquished

Notes
Turn   | Place    | Note
-------+----------+-------------------------------------------
     0 | D:1      | GigaChad the Minotaur Fighter began the quest for the Orb.
     0 | D:1      | Reached XP level 1. HP: 19/19 MP: 0/0
   198 | D:1      | Reached XP level 2. HP: 27/27 MP: 1/1
   739 | D:2      | Reached XP level 3. HP: 27/33 MP: 2/2
   741 | D:2      | Killed from afar by an orc priest

Illustrated notes

Levels and vault maps discovered:
D:1:      eino_arrival_water_cross, layout_basic, minmay_strange_pillars
D:2:      layout_basic, hellmonk_ecumenical_altar_lost_god

Skill      XL: |  1  2 |
---------------+-------+-----
Fighting       | 4 |  4.1
Armour         | 4 |  4.0
Axes           | 3 |  3.1
Shields        | |  3.9

Action                   || total
-------------------------++-------
Melee: War axe           ||    49
       Headbutt          ||     7
  Use: Scroll            ||     3
Armor: Scale mail        ||    29
Dodge: Dodged            ||    13
Block: Buckler           ||    21
